Cogmind - Beta 9.3 @@@ ROGUE MODE // 2019.12.17 @ 12:39:32 // Winter2019/RPGLIKE Player: spruce (@macklemurr) Result: Destroyed by Y-72 Warden with Railgun Performance ------------- Evolutions (8) 4000 Regions Visited (28) 5600 Robots Destroyed (416) 2080 Value Destroyed (21917) 21917 Prototype IDs (249) 4980 Alien Tech Used (4) 800 Bonus (36466) 36466 TOTAL SCORE: 75843 Bonus ------- Triggered High Security 500 Triggered Max Security 1000 High Alert Combat Kills 9134 Follower Combat Kills 1676 Entered Garrisons 600 Used RIF Installer 1500 Network Hubs Disabled 200 Aligned with FarCom 300 Met Data Miner 300 Used Data Conduit 3000 Met Zhirov 300 Built Enhanced Grunts 300 A7 Reached Mainframe 300 Met R17 at Cetus 500 Read Decrypted Archives 300 Found Hidden Lab 3000 Decrypted A0 Command 9000 Used Core Reset Matrix 3000 Scanned by Researcher 500 Pursued by Intercept 2500 Friendly Fire -1444 Cogmind --------- Core Integrity 0/1600 Matter 110/350 Energy 324/370 System Corruption 2% Temperature Cool (4) Movement Flying (34) Location -2/Research Parts ------- > --- POWER (3) -------- Mini Fusion Reactor Graviton Reactor > --- PROPULSION (5) --- Q-thruster Impulse Thruster Array Impulse Thruster Array > --- UTILITY (9) ------ Experimental Signal Interpreter Experimental Target Analyzer Advanced Particle Charger Quantum Capacitor Reaction Control System EM Dispersion Field Deep Network Scanner > --- WEAPON (5) ------- Tachyon Dispersion Ray EMDS Linked Autogun > --- INVENTORY (5) ---- Warp Cannon Guided Remote Datajack Peak State ------------ > --- POWER ------------ Mini Fusion Reactor Graviton Reactor Zero-point Reactor > --- PROPULSION ------- Q-thruster Impulse Thruster Array Impulse Thruster Array > --- UTILITY ---------- Experimental Signal Interpreter Experimental Target Analyzer Advanced Particle Charger Quantum Capacitor Reaction Control System EM Dispersion Field Advanced Shield Generator Deep Network Scanner > --- WEAPON ----------- EMDS Warp Cannon Molecular Deconstructor > --- INVENTORY -------- Tachyon Dispersion Ray Linked Autogun Guided Remote Datajack [Rating: 186] Favorites ----------- Power Light Nuclear Core Engine Ion Engine Power Core Light Nuclear Core Reactor Antimatter Reactor Propulsion Cesium-ion Thruster Leg High-density Centrium Leg Hover Unit Antigrav System Flight Unit Cesium-ion Thruster Utility Experimental Sensor Array Device Experimental Sensor Array Processor Core Analyzer Hackware Deep Network Scanner Protection Heavy Regenerative Plating Weapon Force Rifle Energy Gun Force Rifle Energy Cannon EMDS Ballistic Gun AWS/Gauss Ballistic Cannon Linear Accelerator Launcher Grenade Launcher Special Weapon Molecular Deconstructor Impact Weapon Flail Special Melee Weapon Improved Datajack Build | -11 -10 -10 -9 -9 -9 -8 -8 -8 -7 -7 -7 -7 -6 -6 -6 -6 -5 -5 -5 -5 -5 -5 -4 -4 -4 -3 -3 -2 ------- Run | Scr Mat Min Mat Min Exi Min Mat Gar Fac Gar Fac Gar Fac Low Low Dat Pro Fac Ext Cet Arc Hub Fac Arm Lab Res Tes Res Slots Evolved 18 | 3 . . . . . . 1 . 4 2 . . 1 . . . . 2 . 1 . . 1 1 . 1 . 1 Power 2 | . . . . . . . . . 1 . . . . . . . . . . . . . . 1 . . . . Propulsion 4 | 1 . . . . . . . . . . . . . . . . . 2 . . . . . . . 1 . . Utility 8 | 1 . . . . . . 1 . 1 2 . . 1 . . . . . . . . . 1 . . . . 1 Weapon 4 | 1 . . . . . . . . 2 . . . . . . . . . . 1 . . . . . . . . Parts Attached 187 | 3 5 1 4 1 1 3 8 . 4 2 4 4 17 1 . 7 1 11 12 4 1 12 12 14 14 3 11 27 Power 21 | 1 1 . . . . 1 . . 1 . . . 3 . . 4 . 1 1 1 . . 1 2 1 . 1 2 Engine 3 | 1 1 . . . . . . . . . . . 1 . . . . . . . . . . . . . . . Core 6 | . . . . . . 1 . . 1 . . . 2 . . 1 . 1 . . . . . . . . . . Reactor 12 | . . . . . . . . . . . . . . . . 3 . . 1 1 . . 1 2 1 . 1 2 Propulsion 21 | . 2 . . . . . 2 . . . . . 1 . . . . 5 . . . 1 1 2 . 2 4 1 Treads . | . . . . . . . . . . . . . . . . . . . . . . . . . . . . . Leg 1 | . . . . . . . . . . . . . . . . . . . . . . . . . . . 1 . Wheel . | . . . . . . . . . . . . . . . . . . . . . . . . . . . . . Hover 1 | . . . . . . . . . . . . . . . . . . 1 . . . . . . . . . . Flight 19 | . 2 . . . . . 2 . . . . . 1 . . . . 4 . . . 1 1 2 . 2 3 1 Utility 61 | . . 1 1 1 . . 2 . 2 1 4 3 4 . . 1 1 2 2 1 . 4 1 1 6 . 2 21 Device 50 | . . 1 . . . . 1 . 2 1 2 3 4 . . 1 1 1 2 1 . 4 1 1 4 . 1 19 Storage . | . . . . . . . . . . . . . . . . . . . . . . . . . . . . . Processor 8 | . . . 1 1 . . 1 . . . 2 . . . . . . 1 . . . . . . . . 1 1 Hackware 2 | . . . . . . . . . . . . . . . . . . . . . . . . . 1 . . 1 Protection 1 | . . . . . . . . . . . . . . . . . . . . . . . . . 1 . . . Artifact . | . . . . . . . . . . . . . . . . . . . . . . . . . . . . . Weapon 84 | 2 2 . 3 . 1 2 4 . 1 1 . 1 9 1 . 2 . 3 9 2 1 7 9 9 7 1 4 3 Energy Gun 31 | 1 1 . 2 . . . 3 . . 1 . . 5 . . 1 . 3 4 2 1 2 2 1 1 . . 1 Energy Cannon 9 | . . . . . . . . . . . . . 1 . . . . . . . . 1 1 1 2 1 2 . Ballistic Gun 19 | 1 . . . . 1 1 1 . 1 . . 1 . . . 1 . . 2 . . 2 3 1 1 . 2 1 Ballistic Cannon 2 | . . . . . . . . . . . . . . . . . . . . . . . . 2 . . . . Launcher 3 | . 1 . 1 . . 1 . . . . . . . . . . . . . . . . . . . . . . Special Weapon 13 | . . . . . . . . . . . . . . 1 . . . . 1 . . 1 3 3 3 . . 1 Impact Weapon 1 | . . . . . . . . . . . . . 1 . . . . . . . . . . . . . . . Slashing Weapon . | . . . . . . . . . . . . . . . . . . . . . . . . . . . . . Piercing Weapon . | . . . . . . . . . . . . . . . . . . . . . . . . . . . . . Special Melee Weapon 6 | . . . . . . . . . . . . . 2 . . . . . 2 . . 1 . 1 . . . . Unidentified Prototypes 19 | . . 1 . . . . 1 . . . . . . 1 . . . . . . . 2 1 1 8 . 4 . Parts Lost 1 | . . . . . . . . . . . . . . . . . . . . . . . . . . . . 1 Power 1 | . . . . . . . . . . . . . . . . . . . . . . . . . . . . 1 Propulsion . | . . . . . . . . . . . . . . . . . . . . . . . . . . . . . Utility . | . . . . . . . . . . . . . . . . . . . . . . . . . . . . . Weapon . | . . . . . . . . . . . . . . . . . . . . . . . . . . . . . Highest Loss Streak 1 | . . . . . . . . . . . . . . . . . . . . . . . . . . . . 1 Average Slot Usage (%) 89 | . 67 81 87 100 94 84 99 100 96 90 88 92 94 96 93 93 93 96 95 93 89 87 85 77 80 79 77 76 Engine 1 | . 14 14 14 14 14 6 . . . . . . . . . . . . . . . . . . . . . . Core 6 | . . . . . . 6 12 12 12 15 14 14 13 13 13 11 6 5 . . . . . . . . . . Reactor 5 | . . . . . . . . . . . . . . . . 1 6 5 10 11 11 11 10 10 14 14 14 13 Flight 17 | . 24 28 28 28 28 28 25 25 22 15 14 14 13 13 13 13 13 16 23 22 22 16 14 10 10 13 14 13 Device 22 | . . 10 14 14 14 14 22 25 25 24 26 21 24 26 26 26 26 23 23 22 22 21 26 25 21 19 16 19 Processor 14 | . . . 2 14 14 14 12 12 10 7 12 21 20 20 20 20 20 17 17 16 16 16 15 15 15 14 14 9 Energy Gun 11 | . 17 28 28 28 19 . 15 12 10 9 14 12 12 16 13 17 20 22 13 11 12 13 5 . . . . . Energy Cannon 1 | . . . . . . . . . . . . . 3 . . . . . . . . . 4 5 5 7 9 8 Ballistic Gun 4 | . 9 . . . 3 13 8 12 13 14 7 8 4 . . . . . . . . 1 1 4 1 4 3 3 Special Weapon 1 | . . . . . . . . . . . . . . 2 6 1 . . 3 5 5 4 2 4 5 1 . . Naked Turns . | . . . . . . . . . . . . . . . . . . . . . . . . . . . . . Heaviest Build 101 | 7 9 10 13 11 16 16 16 12 28 29 30 29 36 32 32 46 46 51 57 64 69 77 81 86 99 99 101 98 Greatest Support 100 | 8 13 13 13 13 18 18 22 32 32 32 32 32 39 39 39 49 49 70 70 70 70 76 78 89 89 100 100 100 Greatest Overweight (x) 2 | . . . . . . . . . . . . . 1 . . 1 . 1 . . . 1 1 2 1 . 1 2 Average Overweight (x) . | . . . . . . . . . . . . . . . . . . . . . . . . . . . . . Largest Inventory Capacity 5 | 2 2 2 2 2 4 4 4 4 4 4 4 4 5 5 5 5 5 5 5 5 5 5 5 5 5 5 5 5 Average Capacity 4 | 1 2 2 2 2 2 4 4 4 4 4 4 4 4 5 5 5 5 5 5 5 5 5 5 5 5 5 5 5 Most Carried 5 | . 2 2 2 2 2 4 4 3 4 4 4 4 5 5 5 5 5 5 5 5 5 5 5 5 5 5 5 5 Average Carried 3 | . . 2 2 2 1 2 3 3 2 3 3 4 4 4 5 4 5 4 4 4 4 4 3 4 4 4 4 3 Final Capacity 5 | 2 2 2 2 2 4 4 4 4 4 4 4 4 5 5 5 5 5 5 5 5 5 5 5 5 5 5 5 5 Final Carried 5 | . 2 2 2 2 1 4 3 3 3 4 4 4 5 5 5 5 5 5 5 5 4 4 3 5 5 5 4 2 Class Distribution -------------------- 60% | Hacker-Scout 10% | Wizard-Scout 6% | Mutant 6% | Commander-Scout 4% | Hacker-Ninja 3% | Hacker-Assassin Dominant Class ---------------- Mutant | -10/Materials Mutant | -10/Mines Mutant | -9/Materials Mutant | -9/Mines Mutant | -9/Exiles Scout | -8/Mines Hacker-Scout | -8/Materials Hacker-Scout | -8/Garrison Hacker-Scout | -7/Factory Hacker-Scout | -7/Garrison Hacker-Scout | -7/Factory Hacker-Scout | -7/Garrison Hacker-Scout | -6/Factory Hacker-Ninja | -6/Lower Caves Hacker-Scout | -6/Lower Caves Hacker-Scout | -6/Data Miner Hacker-Scout | -5/Proximity Caves Hacker-Scout | -5/Factory Hacker-Scout | -5/Extension Commander-Scout | -5/Cetus Hacker-Scout | -5/Archives Hacker-Scout | -5/Hub_04(d) Hacker-Assassin | -4/Factory Hacker-Scout | -4/Armory Wizard-Scout | -4/Lab Wizard-Scout | -3/Research Wizard-Scout | -3/Testing Wizard-Scout | -2/Research Resources | -11 -10 -10 -9 -9 -9 -8 -8 -8 -7 -7 -7 -7 -6 -6 -6 -6 -5 -5 -5 -5 -5 -5 -4 -4 -4 -3 -3 -2 ----------- Run | Scr Mat Min Mat Min Exi Min Mat Gar Fac Gar Fac Gar Fac Low Low Dat Pro Fac Ext Cet Arc Hub Fac Arm Lab Res Tes Res Matter Collected 6779 | 230 73 48 32 40 . 73 300 116 57 31 40 20 180 40 15 125 10 60 286 108 15 164 736 1660 100 600 665 955 Remotely . | . . . . . . . . . . . . . . . . . . . . . . . . . . . . . Salvage Created 19729 | . 127 77 34 77 . 307 688 332 121 681 73 188 1142 357 301 154 133 1409 2334 117 135 975 1162 2645 100 876 2650 2534 Parts 999 | . 23 7 6 2 . 28 54 25 11 44 6 6 77 14 20 24 7 87 79 12 3 70 41 119 8 32 91 103 Haulers Intercepted 5 | . . . . . . . 1 . . . . . 1 . . . . 1 . . . 1 . . . 1 . . Recyclers Shooed 4 | . . . . . . . . . . . . . 2 . . . . . 1 . . . 1 . . . . . Parts Field Recycled . | . . . . . . . . . . . . . . . . . . . . . . . . . . . . . Retrieved Matter . | . . . . . . . . . . . . . . . . . . . . . . . . . . . . . Parts Self-Destructed 39 | . . . . . . . . . . . . . . 14 20 . 5 . . . . . . . . . . . Prevented 2 | . . . . . . . . . . . . . . . . . 2 . . . . . . . . . . . Kills | -11 -10 -10 -9 -9 -9 -8 -8 -8 -7 -7 -7 -7 -6 -6 -6 -6 -5 -5 -5 -5 -5 -5 -4 -4 -4 -3 -3 -2 ------- Run | Scr Mat Min Mat Min Exi Min Mat Gar Fac Gar Fac Gar Fac Low Low Dat Pro Fac Ext Cet Arc Hub Fac Arm Lab Res Tes Res Combat Hostiles Destroyed 344 | . 10 4 4 2 . 19 16 11 5 22 . 5 20 7 6 4 1 19 21 5 1 12 18 48 1 9 40 34 Guns 207 | . 8 4 1 . . 16 16 11 5 22 . 5 19 6 6 4 1 19 20 5 1 7 3 21 . 1 . 6 Cannons 61 | . . . . . . . . . . . . . . . . . . . . . . . 7 11 . 4 19 20 AOE 14 | . 2 . 3 2 . 3 . . . . . . . . . . . . . . . . 1 . . . 3 . Classes Destroyed 24 | . 4 . . . . 2 5 . . . . 1 . . . . 1 . 2 . . 1 1 4 . . 1 2 Worker 3 | . . . . . . . 1 . . . . . . . . . . 1 . . . 1 . . . . . . Builder 4 | . . . . . . . 1 . . . . . . . . . . 1 . . . . 1 . . . . 1 Tunneler 1 | . . . . . . . . . . . . . . . . . . . . . . . 1 . . . . . Hauler 5 | . . . . . . . 1 . . . . . 1 . . . . 1 . . . 1 . . . 1 . . Recycler 6 | . . . . . . . . . . . . . . . . . . . 4 . . 1 . . . 1 . . Carrier 1 | . . . . . . . . . . . . . . . . . . . . . . . . 1 . . . . Mechanic 1 | . . . . . . . . . . . . . . . . . . . . . . . . 1 . . . . Operator 11 | . 1 . . . . . 2 . . . . . 2 . . . . . . . . 2 2 1 . . . 1 Watcher 34 | . 1 . 1 . . . 2 . 1 . 2 . 1 . . . . 7 2 . . 1 1 4 . 3 3 5 Swarmer 73 | . 5 3 4 . . 10 . 7 4 8 . . . . 3 . . 4 . 3 . . 5 9 . 5 3 . Saboteur 5 | . . . . . . . . . . . . . . . . . . . . . . . . 2 . . 2 1 Grunt 113 | . 5 1 . 2 . 7 8 . . 5 . 3 8 4 3 . . 6 12 1 1 4 3 7 . . 24 9 Brawler 10 | . . . . . . 1 . . . 1 . . 3 1 . . . . . . . . . 1 . . 3 . Duelist 23 | . . . . . . 1 . 2 . 4 . . 3 . . . . . . . . . . 6 . . 4 3 Protector 7 | . . . . . . . . . . . . . . . . . . . . . . 1 . 5 . . 1 . Sentry 41 | . . . . . . . 6 2 . 3 . . 2 2 . . . 4 5 . . 3 6 3 . 3 1 1 Specialist 6 | . . . . . . . . . . . . . . . . . . . . . . . . 6 . . . . Hunter 16 | . . . . . . . 2 . 1 1 . 1 3 . . . . 1 2 . . . 2 2 . . . 1 Programmer 21 | . . . . . . . . . . . . 1 1 . . . 1 2 . . . 1 . 7 . 1 . 7 Behemoth 3 | . . . . . . . . . . . . . . . . . . . 2 . . . . . . . . 1 Cetus Guard 1 | . . . . . . . . . . . . . . . . . . . . 1 . . . . . . . . Enhanced Grunt 4 | . . . . . . . . . . . . . . . . 4 . . . . . . . . . . . . Lightning 3 | . . . . . . . . . . . . . . . . . . . . . . 3 . . . . . . Tracker 8 | . . . . . . . . . . . . . . . . . . 1 . . . . 1 1 . . . 5 Combat Programmer 7 | . . . . . . . . . . . . . . . . . . 1 . . . . 1 1 . . . 4 Striker 2 | . . . . . . . . . . . . . . . . . . . . . . . . . . . . 2 Alpha 7 1 | . . . . . . . . . . . . . . . . . . . . . . . . . . . 1 . Protovariant P 1 | . . . . . . . . . . . . . . . . . . . . . . . . . . . 1 . Samaritan 1 | . . . . . . . . . . . . . . . . . 1 . . . . . . . . . . . Assembled 3 | . . . . . . . . . . . . . . . . . . . . . . . . . . . . 3 Best Kill Streak 40 | . 4 4 4 2 . 10 9 3 5 8 1 1 3 3 3 3 2 13 8 3 1 5 6 15 1 9 40 13 Combat Bots Only 38 | . 4 4 4 2 . 10 4 3 4 8 . 1 3 3 3 3 1 7 6 3 1 5 5 10 1 7 38 13 Max Kills in Single Turn 3 | . 2 1 2 1 . 2 1 1 2 2 1 1 1 1 2 1 1 2 2 2 1 2 1 2 1 1 3 2 Gunslinging 1 | . . . . . . . . . . . . . . . 1 . . 1 . 1 . . . . . . . . Exploded 2 | . 2 . 2 1 . 2 . . . . . . . . . . . . . . . . 1 . . . 2 . Melee . | . . . . . . . . . . . . . . . . . . . . . . . . . . . . . Uniques/NPCs Destroyed 1 | . . . . . . . . . . . . . . . . . . . . . . . . . 1 . . . A5 (-4/Lab) Combat | -11 -10 -10 -9 -9 -9 -8 -8 -8 -7 -7 -7 -7 -6 -6 -6 -6 -5 -5 -5 -5 -5 -5 -4 -4 -4 -3 -3 -2 -------- Run | Scr Mat Min Mat Min Exi Min Mat Gar Fac Gar Fac Gar Fac Low Low Dat Pro Fac Ext Cet Arc Hub Fac Arm Lab Res Tes Res Damage Taken 12663 | . 334 95 87 . . 179 879 192 93 724 18 221 682 212 134 811 . 965 992 186 . 1870 568 922 97 137 698 1567 Core 10219 | . 277 74 74 . . 145 761 153 71 577 13 184 544 164 106 654 . 783 794 152 . 1503 459 725 79 113 564 1250 Absorbed by Shields 2303 | . . . . . . . . 18 . . . . . . . . . . 94 68 . 472 206 356 44 52 266 727 Redirected to Core 8392 | . 186 68 40 . . 118 410 123 71 474 13 134 474 164 94 612 . 651 688 113 . 1314 375 631 61 78 465 1035 Core Remaining (%) 82 | 100 . 100 . . . 100 . 94 . . . 38 . . . . 88 . . . . 61 . . 99 . 59 . Volleys Fired 1118 | . 23 10 7 2 . 3 69 32 3 63 1 16 92 22 13 21 6 61 73 26 11 54 63 166 12 38 90 141 Largest 4 | . 2 2 2 2 . 1 2 2 2 2 2 2 3 3 2 3 3 4 3 2 2 3 2 2 1 1 2 3 Hottest 385 | . 80 80 85 85 . 33 126 86 86 141 141 141 240 240 160 240 240 305 305 160 160 385 100 120 100 100 100 180 Shots Fired 1848 | . 42 20 11 4 . 52 136 64 15 139 6 29 175 46 23 59 18 156 161 45 19 97 64 172 12 38 91 154 Gun 1430 | . 41 20 9 4 . 49 136 64 15 139 6 29 159 42 20 58 18 156 159 42 19 83 22 87 1 1 5 46 Cannon 356 | . . . . . . . . . . . . . 16 . . . . . . . . . 35 71 3 37 86 108 Launcher 6 | . 1 . 2 . . 3 . . . . . . . . . . . . . . . . . . . . . . Special 56 | . . . . . . . . . . . . . . 4 3 1 . . 2 3 . 14 7 14 8 . . . Kinetic 434 | . 17 . . . . 49 55 32 12 75 4 2 7 . . 3 . . 11 . . 7 20 89 1 1 5 44 Thermal 1053 | . . . . . . . 81 32 3 64 2 27 152 42 20 55 18 153 148 42 19 76 2 2 3 16 26 70 Explosive 6 | . 1 . 2 . . 3 . . . . . . . . . . . . . . . . . . . . . . Electromagnetic 299 | . 24 20 9 4 . . . . . . . . 16 . . . . 3 . . . . 35 67 . 21 60 40 Robot Hit Streak 58 | . 7 5 5 6 . 18 25 25 39 48 21 30 36 17 14 50 51 15 46 26 25 24 30 54 4 26 58 49 Robot Miss Streak 5 | . 5 4 3 1 . 1 4 4 . 3 1 1 1 1 2 1 2 2 2 2 1 1 1 2 1 . 1 2 Penetration Max 1 | . . . . . . 1 . . . . . . . . . . . . 1 . . 1 1 1 . . 1 1 Secondary Targets 15 | . . . . . . . 1 2 . . . . . 1 1 . . 4 4 1 1 . . . . . . . Max Gunslinging Chain 1 | . . . . . . . 1 1 . . . . . 1 1 . . 1 1 1 1 . . . . . . . Capacitor 96 | . . . . . . . . . . . . . . . . . . . . . . . . . . . . 96 Autonomous 157 | . . . . . . 50 . . 9 75 4 4 11 . . 4 . . . . . . . . . . . . Shots Hit Robots 1438 | . 19 12 6 4 . 45 101 43 14 121 6 29 140 31 17 53 3 105 147 29 18 77 51 152 6 23 80 106 Core Hits 683 | . 17 5 5 3 . 27 42 15 8 44 2 17 54 11 12 23 2 43 63 9 4 24 31 83 . 12 53 74 Critical Hits 154 | . . . . . . . 1 . . . 1 . 11 3 3 7 1 8 8 2 1 6 3 27 . 6 29 37 Critical Kills 48 | . . . . . . . 1 . . . 1 . 2 . 2 3 1 6 2 . . 2 . 6 . 1 6 15 Critical Parts Destroyed 77 | . . . . . . . . . . . . . 5 2 1 2 . 2 4 2 1 3 2 16 . 5 18 14 Melee Attacks 20 | . . . . . . . . . . . . . 8 1 . . . . 11 . . . . . . . . . Impact 3 | . . . . . . . . . . . . . 3 . . . . . . . . . . . . . . . Slashing . | . . . . . . . . . . . . . . . . . . . . . . . . . . . . . Piercing . | . . . . . . . . . . . . . . . . . . . . . . . . . . . . . Sneak Attacks 17 | . . . . . . . . . . . . . 5 1 . . . . 11 . . . . . . . . . Combat Hostiles . | . . . . . . . . . . . . . . . . . . . . . . . . . . . . . Follow-up Attacks . | . . . . . . . . . . . . . . . . . . . . . . . . . . . . . Damage Inflicted 52872 | . 460 135 333 251 . 1809 1655 712 297 2795 105 550 3321 623 415 864 74 3344 4615 750 550 2179 2926 7314 . 1693 7075 8027 Guns 30535 | . 317 135 64 25 . 1520 1655 712 297 2795 105 550 2866 623 415 864 74 3344 4615 750 550 2179 712 3442 . 63 212 1651 Cannons 20161 | . . . . . . . . . . . . . 455 . . . . . . . . . 1983 3769 . 1630 5948 6376 Explosions 2176 | . 143 . 269 226 . 289 . . . . . . . . . . . . . . . . 231 103 . . 915 . Melee . | . . . . . . . . . . . . . . . . . . . . . . . . . . . . . Ramming . | . . . . . . . . . . . . . . . . . . . . . . . . . . . . . Kinetic 11818 | . 138 . . . . 1520 766 372 264 1871 105 64 163 . . 84 . . 274 . . 137 712 3442 . 63 212 1631 Thermal 25736 | . 21 . . 226 . . 889 340 33 924 . 486 2703 623 415 780 74 3344 4341 750 550 2042 52 103 . 552 2330 4158 Explosive 859 | . 122 . 269 . . 289 . . . . . . . . . . . . . . . . 179 . . . . . Electromagnetic 14459 | . 179 135 64 25 . . . . . . . . 455 . . . . . . . . . 1983 3769 . 1078 4533 2238 Impact . | . . . . . . . . . . . . . . . . . . . . . . . . . . . . . Slashing . | . . . . . . . . . . . . . . . . . . . . . . . . . . . . . Piercing . | . . . . . . . . . . . . . . . . . . . . . . . . . . . . . Highest Corruption 25 | . . . . . . . . . . . . . . . . . . 7 8 8 8 25 1 7 8 . 3 2 Average Corruption 7 | . . . . . . . . . . . . . . . . . . 6 7 8 8 15 1 3 7 . 2 1 Corruption Purged . | . . . . . . . . . . . . . . . . . . . . . . . . . . . . . Effects 152 | . . . . . . . . . . . . . . . . . . 12 44 21 5 35 . 21 9 . 5 . Message Errors 27 | . . . . . . . . . . . . . . . . . . . 11 4 1 5 . 4 1 . 1 . Matter Fused 29 | . . . . . . . . . . . . . . . . . . 3 7 5 . 4 . 4 5 . 1 . Heat Flow Errors 18 | . . . . . . . . . . . . . . . . . . 4 6 3 . 2 . 3 . . . . Energy Discharges 14 | . . . . . . . . . . . . . . . . . . 2 2 2 . 5 . . 3 . . . Data Loss (minor) 10 | . . . . . . . . . . . . . . . . . . 3 4 1 . . . 1 . . 1 . Data Loss (major) 2 | . . . . . . . . . . . . . . . . . . . 2 . . . . . . . . . Misfires 3 | . . . . . . . . . . . . . . . . . . . 2 1 . . . . . . . . Misdirections 3 | . . . . . . . . . . . . . . . . . . . . . . 3 . . . . . . Targeting Errors 40 | . . . . . . . . . . . . . . . . . . . 10 5 4 12 . 7 . . 2 . Weapon Failures 6 | . . . . . . . . . . . . . . . . . . . . . . 4 . 2 . . . . Overload Shots 21 | . . . . . . . . . . . . . . . . . . 1 16 . . 4 . . . . . . Effects 1 | . . . . . . . . . . . . . . . . . . . 1 . . . . . . . . . Energy Bleed 1 | . . . . . . . . . . . . . . . . . . . 1 . . . . . . . . . Overflow Damage 835 | . . . 3 3 . 6 . . . . . . . . . . . . . . . . 137 179 . 127 231 149 Projectiles 758 | . . . . . . . . . . . . . . . . . . . . . . . 100 179 . 127 203 149 Explosions 77 | . . . 3 3 . 6 . . . . . . . . . . . . . . . . 37 . . . 28 . Melee . | . . . . . . . . . . . . . . . . . . . . . . . . . . . . . Knockbacks . | . . . . . . . . . . . . . . . . . . . . . . . . . . . . . Impact . | . . . . . . . . . . . . . . . . . . . . . . . . . . . . . Kinetic . | . . . . . . . . . . . . . . . . . . . . . . . . . . . . . Secondary . | . . . . . . . . . . . . . . . . . . . . . . . . . . . . . Self-Inflicted Damage 120 | . 4 . 24 . . . . . . . . . . . . . . . . . . 89 3 . . . . . Shots 4 | . 1 . 1 . . . . . . . . . . . . . . . . . . 1 1 . . . . . Rammed . | . . . . . . . . . . . . . . . . . . . . . . . . . . . . . Targets Rammed . | . . . . . . . . . . . . . . . . . . . . . . . . . . . . . Kicked . | . . . . . . . . . . . . . . . . . . . . . . . . . . . . . Crushed . | . . . . . . . . . . . . . . . . . . . . . . . . . . . . . Highest Temperature 494 | . 36 230 46 60 . . 468 12 20 42 42 260 279 60 . 140 90 269 375 187 . 494 . 213 . . . 186 Average Temperature 72 | . 10 121 20 32 . . 78 5 8 11 24 129 74 28 . 55 37 84 107 96 . 120 . 88 . . . 66 Received Heat Transfer 1973 | . 48 24 . . . 27 342 12 . 108 . 81 183 81 27 114 . 153 204 30 . 225 27 33 . 12 112 130 Effects 9 | . . . . . . . 2 . . . . 3 . . . . . . 2 . . 2 . . . . . . Shutdowns 4 | . . . . . . . 1 . . . . . . . . . . . 1 . . 2 . . . . . . Energy Bleed 1 | . . . . . . . . . . . . 1 . . . . . . . . . . . . . . . . Interference 2 | . . . . . . . . . . . . 2 . . . . . . . . . . . . . . . . Matter Decay 1 | . . . . . . . 1 . . . . . . . . . . . . . . . . . . . . . Short Circuit 1 | . . . . . . . . . . . . . . . . . . . 1 . . . . . . . . . Siege Activations . | . . . . . . . . . . . . . . . . . . . . . . . . . . . . . Robots Corrupted 64 | . . . . . . . . . . . . . 1 . . . . . . . . . 8 20 . 5 20 10 Combat Hostiles 54 | . . . . . . . . . . . . . 1 . . . . . . . . . 7 16 . 4 18 8 Parts Fried 157 | . . 1 . . . . . . . . . . 1 . . . 1 . . . . . 15 64 . 14 40 21 Impact Corruptions . | . . . . . . . . . . . . . . . . . . . . . . . . . . . . . Robots Melted 1 | . . . . . . . . . . . . . . . . . . . . . . 1 . . . . . . Combat Hostiles 1 | . . . . . . . . . . . . . . . . . . . . . . 1 . . . . . . Parts Melted 87 | . . . . . . . 5 . 1 2 . 4 18 2 1 15 . 10 14 . . 10 . . . . 1 4 Heat Transferred 29807 | . 50 . . 300 . . 1924 740 74 1999 . 1019 4107 962 592 1739 74 3626 4781 944 629 2297 . 50 . 333 1236 2331 Parts Sabotaged 6 | . . . . . . . . . . . . . . . . . . . . . . 2 . 2 . . 1 1 Parts Stolen . | . . . . . . . . . . . . . . . . . . . . . . . . . . . . . Parts Stripped . | . . . . . . . . . . . . . . . . . . . . . . . . . . . . . Power Chain Reactions 7 | . 1 . . 2 . . . . . . . . . . . . . . . . . . 1 1 . . 2 . Missiles Intercepted . | . . . . . . . . . . . . . . . . . . . . . . . . . . . . . Alert | -11 -10 -10 -9 -9 -9 -8 -8 -8 -7 -7 -7 -7 -6 -6 -6 -6 -5 -5 -5 -5 -5 -5 -4 -4 -4 -3 -3 -2 ------- Run | Scr Mat Min Mat Min Exi Min Mat Gar Fac Gar Fac Gar Fac Low Low Dat Pro Fac Ext Cet Arc Hub Fac Arm Lab Res Tes Res Peak Influence 2621 | . 402 281 228 166 . 514 669 839 628 960 590 323 687 . . . . 610 492 804 721 840 741 1465 . 442 2621 2590 Average Influence 576 | . 199 189 179 106 . 277 397 624 513 732 477 271 412 . . . . 308 310 417 475 551 477 922 . 101 1990 1844 Maximum Alert Level 5 | . 2 1 1 . . 2 2 3 2 3 2 1 2 . . . . 2 2 3 3 3 3 4 . 2 5 5 Low Security (%) 15 | 100 54 66 45 100 . 44 . . . . . . 7 . . . . 39 19 8 . 15 7 . . 85 . . Level 1 23 | . 44 33 54 . . 21 54 . . . 23 100 40 . . . . 15 46 18 40 10 12 1 . 3 . . Level 2 39 | . 1 . . . . 34 45 84 100 45 76 . 51 . . . . 45 34 71 35 37 77 33 . 11 . . Level 3 8 | . . . . . . . . 15 . 54 . . . . . . . . . 1 23 37 3 27 . . . . Level 4 4 | . . . . . . . . . . . . . . . . . . . . . . . . 37 . . . 28 Level 5 . | . . . . . . . . . . . . . . . . . . . . . . . . . . . . 11 High Security 3 | . . . . . . . . . . . . . . . . . . . . . . . . . . . . 59 Max Security 3 | . . . . . . . . . . . . . . . . . . . . . . . . . . . 99 . Squads Dispatched 82 | . 4 1 . . . . 4 . 3 . 1 . 8 . . . . 3 3 . . 3 5 6 . 7 13 21 Investigation 16 | . 3 1 . . . . 2 . 2 . 1 . 3 . . . . . 1 . . . . . . 3 . . Extermination 3 | . . . . . . . . . . . . . . . . . . 1 . . . . 1 1 . . . . Reinforcement 10 | . 1 . . . . . . . 1 . . . 2 . . . . . 2 . . 1 . 1 . 2 . . Assault 32 | . . . . . . . . . . . . . . . . . . . . . . 1 2 2 . . 13 14 Garrison 7 | . . . . . . . 2 . . . . . 3 . . . . . . . . 1 . . . 1 . . Intercept 14 | . . . . . . . . . . . . . . . . . . 2 . . . . 2 2 . 1 . 7 Construction Impeded . | . . . . . . . . . . . . . . . . . . . . . . . . . . . . . Haulers Reinforced 2 | . . . . . . . . . . . . . 2 . . . . . . . . . . . . . . . Stealth | -11 -10 -10 -9 -9 -9 -8 -8 -8 -7 -7 -7 -7 -6 -6 -6 -6 -5 -5 -5 -5 -5 -5 -4 -4 -4 -3 -3 -2 --------- Run | Scr Mat Min Mat Min Exi Min Mat Gar Fac Gar Fac Gar Fac Low Low Dat Pro Fac Ext Cet Arc Hub Fac Arm Lab Res Tes Res Distress Signals 17 | . . . 1 . . . . . . . . . . . . . . 3 2 2 . . . 2 . 1 2 4 Communications Jammed 4 | . . . . . . . . . . . . . 4 . . . . . . . . . . . . . . . Distress Signals 4 | . . . . . . . . . . . . . 4 . . . . . . . . . . . . . . . Times Spotted 593 | . 18 4 6 1 . 17 24 10 5 26 2 8 29 7 6 5 1 30 35 30 25 29 20 58 1 18 96 82 Peak Tracking Total 31 | . 4 3 4 . . 5 5 5 4 7 2 4 3 3 3 3 . 6 7 9 16 8 4 8 1 7 27 31 Tactical Retreats 38 | . 2 . . . . 1 3 1 . 4 1 2 3 . . . . 1 2 . . . 3 3 . 3 5 4 Traps | -11 -10 -10 -9 -9 -9 -8 -8 -8 -7 -7 -7 -7 -6 -6 -6 -6 -5 -5 -5 -5 -5 -5 -4 -4 -4 -3 -3 -2 ------- Run | Scr Mat Min Mat Min Exi Min Mat Gar Fac Gar Fac Gar Fac Low Low Dat Pro Fac Ext Cet Arc Hub Fac Arm Lab Res Tes Res Traps Triggered 19 | . 1 . . . . . 1 6 . 2 . 4 1 . . . . . 1 . . . . . . 1 1 1 Indirectly . | . . . . . . . . . . . . . . . . . . . . . . . . . . . . . Trap Hack Attempts 14 | . . . . . . . . . . . . . 12 . . . . . 2 . . . . . . . . . Triggered . | . . . . . . . . . . . . . . . . . . . . . . . . . . . . . Disarmed . | . . . . . . . . . . . . . . . . . . . . . . . . . . . . . Reprogrammed 1 | . . . . . . . . . . . . . 1 . . . . . . . . . . . . . . . Reused 1 | . . . . . . . . . . . . . 1 . . . . . . . . . . . . . . . Traps Extracted . | . . . . . . . . . . . . . . . . . . . . . . . . . . . . . Installed . | . . . . . . . . . . . . . . . . . . . . . . . . . . . . . Triggered 1 | . . . . . . . . . . . . . 1 . . . . . . . . . . . . . . . Machines | -11 -10 -10 -9 -9 -9 -8 -8 -8 -7 -7 -7 -7 -6 -6 -6 -6 -5 -5 -5 -5 -5 -5 -4 -4 -4 -3 -3 -2 ---------- Run | Scr Mat Min Mat Min Exi Min Mat Gar Fac Gar Fac Gar Fac Low Low Dat Pro Fac Ext Cet Arc Hub Fac Arm Lab Res Tes Res Machines Disabled 43 | . . 1 . 1 . . . 1 . . 1 . 3 1 . . . 3 2 1 2 6 11 3 1 1 4 1 Max in Single Turn 6 | . . 1 . 1 . . . 1 . . 1 . 1 1 . . . 1 1 1 . 6 6 1 1 1 2 1 Garrison Access 2 | . . . . . . . . . . . . . 1 . . . . . . . . . . . . 1 . . Garrison Relay 1 | . . . . . . . . 1 . . . . . . . . . . . . . . . . . . . . Network Hub 1 | . . . . . . . . . . . . . . . . . . . . . . 1 . . . . . . Machines Sabotaged . | . . . . . . . . . . . . . . . . . . . . . . . . . . . . . Garrisons Compromised . | . . . . . . . . . . . . . . . . . . . . . . . . . . . . . Overloaded Fab Kills . | . . . . . . . . . . . . . . . . . . . . . . . . . . . . . Fab Network Shutdowns . | . . . . . . . . . . . . . . . . . . . . . . . . . . . . . Hacking | -11 -10 -10 -9 -9 -9 -8 -8 -8 -7 -7 -7 -7 -6 -6 -6 -6 -5 -5 -5 -5 -5 -5 -4 -4 -4 -3 -3 -2 --------- Run | Scr Mat Min Mat Min Exi Min Mat Gar Fac Gar Fac Gar Fac Low Low Dat Pro Fac Ext Cet Arc Hub Fac Arm Lab Res Tes Res Machines Accessed 97 | . 7 1 2 1 1 . 10 . 4 . 4 . 11 . . 4 . 9 12 3 1 4 6 5 2 5 . 5 Terminals 63 | . 5 1 2 1 . . 8 . . . 2 . 7 . . . . 7 12 3 . 3 4 5 . 2 . 1 Fabricators 5 | . . . . . . . . . 1 . . . . . . . . 1 . . . . 2 . . . . 1 Repair Stations . | . . . . . . . . . . . . . . . . . . . . . . . . . . . . . Recycling Units 10 | . 2 . . . . . 1 . 1 . 1 . 2 . . . . 1 . . . . . . . 1 . 1 Scanalyzers 4 | . . . . . . . . . 1 . . . 1 . . . . . . . . . . . . 1 . 1 Garrison Access 7 | . . . . . . . 1 . 1 . 1 . 1 . . . . . . . . 1 . . . 1 . 1 Total Hacks 363 | . 10 6 2 2 1 . 24 . 10 . 11 . 26 . . 26 . 36 25 8 25 17 41 29 20 29 . 15 Successful 224 | . 6 2 2 1 1 . 12 . 8 . 6 . 11 . . 26 . 19 13 4 25 9 14 14 20 20 . 11 Failed 138 | . 4 3 . 1 . . 12 . 2 . 5 . 15 . . . . 17 12 4 . 8 27 15 . 9 . 4 Catastrophic 24 | . 1 . . 1 . . 3 . . . . . 5 . . . . 3 1 1 . 2 3 3 . 1 . . Database Lockouts 1 | . . 1 . . . . . . . . . . . . . . . . . . . . . . . . . . Manual 217 | . 6 6 2 2 1 . 21 . 4 . 7 . 22 1 . . . 27 6 4 . 17 30 22 5 23 . 11 Terminals 229 | . 8 6 2 2 . . 22 . . . 9 . 18 . . . . 26 25 8 . 15 29 29 . 22 . 8 Fabricators 24 | . . . . . . . . . 4 . . . . . . . . 7 . . . . 12 . . . . 1 Repair Stations . | . . . . . . . . . . . . . . . . . . . . . . . . . . . . . Recycling Units 17 | . 2 . . . . . 1 . 2 . 1 . 4 . . . . 3 . . . . . . . 2 . 2 Scanalyzers 5 | . . . . . . . . . 2 . . . 1 . . . . . . . . . . . . 1 . 1 Garrison Access 16 | . . . . . . . 1 . 2 . 1 . 3 . . . . . . . . 2 . . . 4 . 3 Terminal Hacks 156 | . 3 2 1 1 1 . 8 . . . 4 . 4 . . 26 . 10 11 4 25 2 8 10 20 13 . 3 Record 61 | . . . . . . . . . . . . . . . . 11 . . . 1 25 . 1 3 20 . . . Part Schematic 12 | . . . . . . . 2 . . . . . . . . 7 . 3 . . . . . . . . . . Robot Schematic 5 | . . . . . . . . . . . . . . . . 5 . . . . . . . . . . . . Robot Analysis 1 | . . . . . . . 1 . . . . . . . . . . . . . . . . . . . . . Prototype ID Bank 7 | . 1 2 . . . . . . . . . . . . . 3 . . 1 . . . . . . . . . Open Door 12 | . . . . . . . . . . . . . . . . . . . 9 1 . . . 2 . . . . Branch Access Points 11 | . 1 . 1 1 . . 1 . . . 1 . 2 . . . . 2 . . . . 1 . . 1 . . Terminal Index 5 | . . . . . . . 1 . . . . . 1 . . . . 1 . . . . 1 . . . . 1 Fabricator Index 3 | . . . . . . . 2 . . . . . . . . . . . . . . . . . . . . 1 Garrison Index 1 | . . . . . . . . . . . . . . . . . . . . . . 1 . . . . . . Unreport Threat 15 | . . . . . . . . . . . 2 . 1 . . . . 3 1 2 . 1 2 . . 3 . . Recall Investigation 7 | . . . . . . . . . . . 1 . . . . . . . . . . . 1 1 . 4 . . Recall Extermination 3 | . . . . . . . . . . . . . . . . . . . . . . . 1 1 . 1 . . Recall Reinforcements 4 | . . . . . . . . . . . . . . . . . . . . . . . . 1 . 3 . . Recall Assault 3 | . . . . . . . . . . . . . . . . . . . . . . . 1 1 . 1 . . Hauler Manifests 1 | . . . . . . . 1 . . . . . . . . . . . . . . . . . . . . . Zone Layout 4 | . 1 . . . . . . . . . . . . . . . . 1 . . . . . 1 . . . 1 EX-Prototype ID Bank 1 | . . . . . 1 . . . . . . . . . . . . . . . . . . . . . . . Fabricator Hacks 14 | . . . . . . . . . 4 . . . . . . . . 6 . . . . 3 . . . . 1 Network Status 2 | . . . . . . . . . . . . . . . . . . 1 . . . . . . . . . 1 Load Schematic 7 | . . . . . . . . . 2 . . . . . . . . 3 . . . . 2 . . . . . Build 5 | . . . . . . . . . 2 . . . . . . . . 2 . . . . 1 . . . . . Repair Station Hacks . | . . . . . . . . . . . . . . . . . . . . . . . . . . . . . Recycling Unit Hacks 4 | . . . . . . . . . . . . . . . . . . 1 . . . . . . . 1 . 2 Report Inventory 1 | . . . . . . . . . . . . . . . . . . . . . . . . . . 1 . . Retrieve Components 3 | . . . . . . . . . . . . . . . . . . 1 . . . . . . . . . 2 Scanalyzer 2 | . . . . . . . . . . . . . 1 . . . . . . . . . . . . 1 . . Insert Component 2 | . . . . . . . . . . . . . 1 . . . . . . . . . . . . 1 . . Garrison Access Hacks 5 | . . . . . . . 1 . 2 . 1 . 1 . . . . . . . . . . . . . . . Unlock Access 3 | . . . . . . . 1 . 1 . 1 . . . . . . . . . . . . . . . . . Seal Access 1 | . . . . . . . . . . . . . 1 . . . . . . . . . . . . . . . Coupler Status 1 | . . . . . . . . . 1 . . . . . . . . . . . . . . . . . . . Unauthorized Hacks 102 | . 6 . 2 . . . 7 . 6 . 2 . 12 . . . . 4 4 . . 17 9 10 . 11 . 12 Terminals 23 | . 1 . 1 . . . 2 . . . . . 1 . . . . 1 2 . . 5 3 4 . 1 . 2 Track 2 | . . . . . . . . . . . . . . . . . . . . . . 1 . 1 . . . . Assimilate 3 | . . . . . . . 1 . . . . . . . . . . . 1 . . 1 . . . . . . Botnet 11 | . 1 . 1 . . . . . . . . . 1 . . . . 1 . . . 1 2 2 . 1 . 1 Detonate 1 | . . . . . . . . . . . . . . . . . . . . . . 1 . . . . . . Operators 6 | . . . . . . . 1 . . . . . . . . . . . 1 . . 1 1 1 . . . 1 Fabricators . | . . . . . . . . . . . . . . . . . . . . . . . . . . . . . Repair Stations . | . . . . . . . . . . . . . . . . . . . . . . . . . . . . . Recycling Units 9 | . 2 . . . . . 1 . 1 . 1 . 2 . . . . 1 . . . . . . . 1 . . Recyclers 1 | . . . . . . . . . . . . . . . . . . 1 . . . . . . . . . . Tunnel 8 | . 2 . . . . . 1 . 1 . 1 . 2 . . . . . . . . . . . . 1 . . Scanalyzers 2 | . . . . . . . . . 1 . . . . . . . . . . . . . . . . . . 1 Researchers 1 | . . . . . . . . . . . . . . . . . . . . . . . . . . . . 1 Extract 1 | . . . . . . . . . 1 . . . . . . . . . . . . . . . . . . . Garrison Access 9 | . . . . . . . . . . . . . 2 . . . . . . . . 2 . . . 3 . 2 Broadcast 1 | . . . . . . . . . . . . . . . . . . . . . . . . . . 1 . . Reprogram 4 | . . . . . . . . . . . . . 1 . . . . . . . . 1 . . . 1 . 1 Watchers 4 | . . . . . . . . . . . . . 1 . . . . . . . . 1 . . . 1 . 1 Data Cores Recovered 9 | . 1 . . . . . 1 . . . . . 2 . . . . . . . . 2 2 . . . . 1 Used 4 | . . . . . . . 1 . . . . . 1 . . . . . . . . 1 1 . . . . . Hacking Detections 54 | . 4 1 1 1 . . 6 . 1 . 2 . 7 . . . . 8 6 2 . 2 6 3 . 2 . 2 Full Trace Events 1 | . . . . . . . . . . . . . . . . . . . 1 . . . . . . . . . Feedback Events . | . . . . . . . . . . . . . . . . . . . . . . . . . . . . . Feedback Blocked . | . . . . . . . . . . . . . . . . . . . . . . . . . . . . . Robot Schematics Acquired 5 | . . . . . . . . . . . . . . . . 5 . . . . . . . . . . . . Robots Built 1 | . . . . . . . . . . . . . . . . . . . . . . . 1 . . . . . Matter 318 | . . . . . . . . . . . . . . . . . . . . . . . 318 . . . . . Time 84 | . . . . . . . . . . . . . . . . . . . . . . . 84 . . . . . Total Robot Build Rating 6 | . . . . . . . . . . . . . . . . . . . . . . . 6 . . . . . Part Schematics Acquired 15 | . . . . . . . 2 . 3 . . . . . . 7 . 3 . . . . . . . . . . Parts Built 6 | . . . . . . . . . 4 . . . . . . . . 2 . . . . . . . . . . Matter 840 | . . . . . . . . . 270 . . . . . . . . 570 . . . . . . . . . . Time 439 | . . . . . . . . . 135 . . . . . . . . 304 . . . . . . . . . . Total Part Build Rating 20 | . . . . . . . . . 10 . . . . . . . . 10 . . . . . . . . . . Parts Repaired . | . . . . . . . . . . . . . . . . . . . . . . . . . . . . . Time . | . . . . . . . . . . . . . . . . . . . . . . . . . . . . . Parts Recycled . | . . . . . . . . . . . . . . . . . . . . . . . . . . . . . Recycled Matter . | . . . . . . . . . . . . . . . . . . . . . . . . . . . . . Retrieved Matter . | . . . . . . . . . . . . . . . . . . . . . . . . . . . . . Retrieved Components 1 | . . . . . . . . . . . . . . . . . . 1 . . . . . . . . . . Parts Scanalyzed . | . . . . . . . . . . . . . . . . . . . . . . . . . . . . . Part Schematics Acquired . | . . . . . . . . . . . . . . . . . . . . . . . . . . . . . Parts Damaged . | . . . . . . . . . . . . . . . . . . . . . . . . . . . . . Bothacking | -11 -10 -10 -9 -9 -9 -8 -8 -8 -7 -7 -7 -7 -6 -6 -6 -6 -5 -5 -5 -5 -5 -5 -4 -4 -4 -3 -3 -2 ------------ Run | Scr Mat Min Mat Min Exi Min Mat Gar Fac Gar Fac Gar Fac Low Low Dat Pro Fac Ext Cet Arc Hub Fac Arm Lab Res Tes Res Used RIF Installer 3 | . . . . . . . . 1 . 1 . 1 . . . . . . . . . . . . . . . . Coupler Efficiency 1 | . . . . . . . . . . 1 . . . . . . . . . . . . . . . . . . Robot Detection 1 | . . . . . . . . . . . . 1 . . . . . . . . . . . . . . . . Robots Hacked 5 | . . . . . . . . . . . . . 3 1 . . . . . . . . . 1 . . . . Non-combat 3 | . . . . . . . . . . . . . 2 1 . . . . . . . . . . . . . . Combat 2 | . . . . . . . . . . . . . 1 . . . . . . . . . . 1 . . . . Robot Hacks Applied 7 | . . . . . . . . . . . . . 5 1 . . . . . . . . . 1 . . . . parse_system 4 | . . . . . . . . . . . . . 2 1 . . . . . . . . . 1 . . . . no_distress 1 | . . . . . . . . . . . . . 1 . . . . . . . . . . . . . . . find_chute 1 | . . . . . . . . . . . . . 1 . . . . . . . . . . . . . . . ignore_repairs 1 | . . . . . . . . . . . . . 1 . . . . . . . . . . . . . . . Relay Couplers Released 2 | . . . . . . . . 2 . . . . . . . . . . . . . . . . . . . . Machine Destruction 2 | . . . . . . . . 2 . . . . . . . . . . . . . . . . . . . . Robots Rewired 11 | . . . . . . . . . . . . . . . . . . . 8 . . . . 3 . . . . Allies Hacked . | . . . . . . . . . . . . . . . . . . . . . . . . . . . . . Hacks Repelled . | . . . . . . . . . . . . . . . . . . . . . . . . . . . . . Allies | -11 -10 -10 -9 -9 -9 -8 -8 -8 -7 -7 -7 -7 -6 -6 -6 -6 -5 -5 -5 -5 -5 -5 -4 -4 -4 -3 -3 -2 -------- Run | Scr Mat Min Mat Min Exi Min Mat Gar Fac Gar Fac Gar Fac Low Low Dat Pro Fac Ext Cet Arc Hub Fac Arm Lab Res Tes Res Total Allies 39 | . . . . 2 . . 1 . . . . . 1 . . . . . 15 5 3 1 1 3 . . . 7 Largest Group 17 | . . . . 2 2 . 1 . . . . . 1 . . . . . 12 17 13 1 1 3 . . . 7 Highest-Rated Group 1040 | . . . . 49 49 . 10 . . . . . 32 . . . . . 475 940 1040 26 60 180 . . . 98 Highest-Rated Ally 156 | . . . . 31 31 . 10 . . . . . 32 . . . . . 156 156 156 26 60 60 . . . 15 Total Orders . | . . . . . . . . . . . . . . . . . . . . . . . . . . . . . Ally Attacks 244 | . . . . . . . . . . . . . 4 . . . . . 38 89 64 . . . . . . 49 Total Damage 6151 | . . . . . . . . . . . . . 127 . . . . . 862 2486 1936 . . . . . . 740 Kills 43 | . . . . . . . . . . . . . . . . . . . 6 22 12 . . . . . . 3 Allies Corrupted 3 | . . . . . . . . . . . . . . . . . . . . . . . . 2 . . . 1 Allies Melted . | . . . . . . . . . . . . . . . . . . . . . . . . . . . . . Intel | -11 -10 -10 -9 -9 -9 -8 -8 -8 -7 -7 -7 -7 -6 -6 -6 -6 -5 -5 -5 -5 -5 -5 -4 -4 -4 -3 -3 -2 ------- Run | Scr Mat Min Mat Min Exi Min Mat Gar Fac Gar Fac Gar Fac Low Low Dat Pro Fac Ext Cet Arc Hub Fac Arm Lab Res Tes Res Robot Analysis Total 116 | . . . . . . . 1 . . . . . . . . 115 . . . . . . . . . . . . Derelict Logs Recovered 5 | . . 1 . 1 . . . . . . . . . . 2 . 1 . . . . . . . . . . . Drone Launches . | . . . . . . . . . . . . . . . . . . . . . . . . . . . . . Drone Recoveries . | . . . . . . . . . . . . . . . . . . . . . . . . . . . . . Exploration | -11 -10 -10 -9 -9 -9 -8 -8 -8 -7 -7 -7 -7 -6 -6 -6 -6 -5 -5 -5 -5 -5 -5 -4 -4 -4 -3 -3 -2 ------------- Run | Scr Mat Min Mat Min Exi Min Mat Gar Fac Gar Fac Gar Fac Low Low Dat Pro Fac Ext Cet Arc Hub Fac Arm Lab Res Tes Res Turns Passed 12084 | 22 291 107 73 150 161 245 579 441 292 879 126 618 910 458 490 191 165 1057 878 502 64 397 751 673 267 337 327 633 Spaces Moved 11580 | 35 429 160 125 295 245 462 580 398 208 458 267 243 889 347 369 164 227 749 845 393 79 287 587 586 423 554 305 871 Core 80 | 35 22 . . . . . . . . . . . . . . . . . . . . . . 9 . . . 14 Treads . | . . . . . . . . . . . . . . . . . . . . . . . . . . . . . Legs . | . . . . . . . . . . . . . . . . . . . . . . . . . . . . . Wheels . | . . . . . . . . . . . . . . . . . . . . . . . . . . . . . Hover . | . . . . . . . . . . . . . . . . . . . . . . . . . . . . . Flight 11500 | . 407 160 125 295 245 462 580 398 208 458 267 243 889 347 369 164 227 749 845 393 79 287 587 577 423 554 305 857 Fastest Speed 28 | 50 37 37 37 37 37 37 37 37 37 37 37 37 37 37 37 37 37 29 29 29 29 28 28 37 37 34 34 34 Average Speed 38 | 50 38 37 37 37 37 37 37 37 37 37 37 37 37 37 37 42 37 40 29 29 29 38 66 43 42 34 34 36 Slowest Speed 150 | 50 50 37 37 37 37 37 40 37 37 37 37 37 117 37 37 117 37 120 29 29 29 117 108 150 117 37 117 150 Overloaded Moves 42 | . . . . . . . . . . . . . . . . . . . . . . 17 25 . . . . . Propulsion Burnouts . | . . . . . . . . . . . . . . . . . . . . . . . . . . . . . Robots Hopped 77 | . 4 4 3 5 . 5 4 . 5 5 2 . 3 . . . . 11 4 4 . 2 1 3 . 6 4 2 Cave-ins Triggered 1 | . . . . . . . . . . . . . . . . . . . . . . . 1 . . . . . Teleports 1 | . . . . . . . . . . . . . . . . . . . . . . . . . 1 . . . Exploration Rate (%) 47 | 3 83 29 21 71 66 51 43 55 6 42 9 43 29 60 69 76 50 24 84 80 80 35 24 51 100 19 49 22 Regions Visited 28 Branch Regions 15 Pre-discovered Areas 30 | . 2 1 . 1 . . 1 . 1 . 1 . 2 . . 20 . . . . . . . . . 1 . . Known Exits Taken 23 | . 1 . 1 1 1 1 1 . 1 . 1 . 1 1 1 1 1 1 1 1 1 1 1 1 1 1 1 . Unknown Exits Taken 2 | 1 . 1 . . . . . . . . . . . . . . . . . . . . . . . . . . Scrap Searched 11 | . . 1 . 3 . 1 . . . . . . . 1 2 . 3 . . . . . . . . . . . Spaces Dug 56 | . . . . . . . . . . . . . 1 . . . 9 22 . . . 4 4 2 . 6 1 7 Terrain Destroyed 470 | . 10 . 17 17 . 63 . . 1 14 . . 1 . . 1 13 41 8 . 1 170 47 23 . 7 29 7 Melee 1 | . . . . . . . . . . . . . 1 . . . . . . . . . . . . . . . Projectile 149 | . . . . . . 34 . . 1 14 . . . . . 1 13 41 8 . 1 9 9 2 . 7 2 7 AOE 320 | . 10 . 17 17 . 29 . . . . . . . . . . . . . . . 161 38 21 . . 27 . Actions | -11 -10 -10 -9 -9 -9 -8 -8 -8 -7 -7 -7 -7 -6 -6 -6 -6 -5 -5 -5 -5 -5 -5 -4 -4 -4 -3 -3 -2 --------- Run | Scr Mat Min Mat Min Exi Min Mat Gar Fac Gar Fac Gar Fac Low Low Dat Pro Fac Ext Cet Arc Hub Fac Arm Lab Res Tes Res Total 17734 | 37 508 184 135 325 315 527 814 632 411 1095 288 741 1307 631 695 239 293 1368 1324 728 100 464 902 919 492 654 435 1171 Wait 4079 | . 37 9 2 33 67 44 114 179 193 528 17 399 214 253 306 14 60 520 312 279 8 58 198 85 16 46 13 75 Move 11406 | 34 420 151 119 284 244 453 571 396 197 449 262 241 882 346 368 163 226 727 837 386 78 282 583 579 422 543 296 867 Hop 65 | . 4 4 2 5 . 3 4 . 5 2 2 . 3 . . . . 10 3 2 . 2 1 3 . 4 4 2 Pick Up 60 | . 2 1 . . . 3 1 . 4 1 1 1 11 1 . 3 . 3 3 1 . 3 4 4 7 3 1 2 Fast Attach 102 | 3 4 1 2 . 1 2 4 . . . 2 . 2 1 . 3 . 9 6 1 . 3 4 6 11 2 12 23 Attach 38 | . . . . . . 1 1 . 3 . 1 . 3 . . 2 . . 1 . 1 4 8 4 5 1 . 3 Detach 16 | . 1 . . . . 1 1 . . . . . . . . . . . 2 . . 1 5 2 3 . . . Swap 51 | . 1 . 2 1 . . 3 . 1 2 1 4 12 . . 2 1 2 5 3 . 5 . 4 1 . . 1 Drop 136 | . 2 1 1 . 3 2 6 . . . 1 1 11 3 . 6 . 10 9 2 . 6 10 5 15 4 13 25 Fire 1118 | . 23 10 7 2 . 3 69 32 3 63 1 16 92 22 13 21 6 61 73 26 11 54 63 166 12 38 90 141 Melee 20 | . . . . . . . . . . . . . 8 1 . . . . 11 . . . . . . . . . Ram . | . . . . . . . . . . . . . . . . . . . . . . . . . . . . . Kick . | . . . . . . . . . . . . . . . . . . . . . . . . . . . . . Crush . | . . . . . . . . . . . . . . . . . . . . . . . . . . . . . Escape Stasis 158 | . . . . . . . . 18 . 36 . 72 . . . . . . 3 . . . 1 . . . . 28 Rewire . | . . . . . . . . . . . . . . . . . . . . . . . . . . . . . Trap 14 | . . . . . . . . . . . . . 12 . . . . . 2 . . . . . . . . . Miscellaneous 471 | . 14 7 . . . 15 40 7 5 14 . 7 57 4 8 25 . 26 57 28 2 46 25 61 . 13 6 4 Route ------- -11/Scrapyard -10/Materials (discovered 3 exits: *Mat x2 / *Min) -10/Mines -9/Materials (discovered 3 exits: *Min x2 / Sto) -9/Mines (discovered 3 exits: *Mat / *Exi / *Zio) -9/Exiles -8/Mines (discovered 2 exits: *Mat x2) -8/Materials (discovered 2 exits: *Fac / Gar) -8/Garrison (discovered 2 exits: *Fac x2) -7/Factory -7/Garrison (discovered 2 exits: *Fac x2) -7/Factory (discovered 3 exits: *Low x2 / Gar) -7/Garrison -6/Factory (discovered 4 exits: *Fac x2 / *Low x2) -6/Lower Caves -6/Lower Caves (discovered 2 exits: *Fac / *Dat) -6/Data Miner -5/Proximity Caves -5/Factory (discovered 4 exits: *Upp x2 / *Ext x2) -5/Extension (discovered 3 exits: *Fac x2 / *Cet) -5/Cetus (discovered 2 exits: *Fac / *Arc) -5/Archives (discovered 3 exits: *Fac / *Hub x2) -5/Hub_04(d) (discovered 4 exits: *Fac x4) -4/Factory (discovered 5 exits: *Res x2 / Upp x2 / *Arm) -4/Armory (discovered 2 exits: Res / *Lab) -4/Lab -3/Research (discovered 2 exits: *Tes x2) -3/Testing -2/Research History --------- Turn | Location | Event 9 | -11/Scrapyard | Upgraded with Propulsion slot (x1) 9 | -11/Scrapyard | Upgraded with Utility slot (x1) 9 | -11/Scrapyard | Upgraded with Weapon slot (x1) 12 | -11/Scrapyard | Discovered new exit (range 15) 23 | -11/Scrapyard | Entered Materials 176 | -10/Materials | Discovered new exit (range 11) 238 | -10/Materials | Discovered new exit (range 10) 245 | -10/Materials | Identified exit to Mines 261 | -10/Materials | Reached level 2 314 | -10/Materials | Entered Mines 316 | -10/Mines | Build established: Mutant 337 | -10/Mines | Found a damaged Exp. Sensor Array with a note attached 341 | -10/Mines | Found Prototype Device 341 | -10/Mines | Identified Exp. Sensor Array 354 | -10/Mines | Received a Rocket Launcher from a helpful Derelict 374 | -10/Mines | Met a Derelict bent on vengeance 395 | -10/Mines | Discovered new exit (range 6) 397 | -10/Mines | Central database locked down 421 | -10/Mines | Entered Materials 423 | -9/Materials | Reached level 3 423 | -9/Materials | Identified exit to Mines 423 | -9/Materials | Identified exit to Storage 445 | -9/Materials | Reached level 4 494 | -9/Materials | Entered Mines 497 | -9/Mines | Learned location of Storage (-9) 505 | -9/Mines | Found a hidden stash of uninstalled traps 516 | -9/Mines | Assembled infested the area 520 | -9/Mines | A Derelict revealed a hidden shortcut to a safe place 525 | -9/Mines | Identified exit to Zion 549 | -9/Mines | Discovered new exit (range 9) 621 | -9/Mines | Discovered new exit (range 5) 622 | -9/Mines | Identified exit to Exiles 644 | -9/Mines | Entered Exiles 644 | -9/Exiles | Accompanied by 2 allies 654 | -9/Exiles | Met 8R-AWN 660 | -9/Exiles | Met EX-HEX 672 | -9/Exiles | Met EX-BIN 674 | -9/Exiles | Led the pair of lost Derelicts to a safe place 744 | -9/Exiles | Aligned with FarCom system 744 | -9/Exiles | Given EX-Vault access code 756 | -9/Exiles | Opened EX-Vault 760 | -9/Exiles | Found AWS/Gauss 771 | -9/Exiles | Warned to stay clear of 0b10 Research branches 783 | -9/Exiles | Met EX-DEC 802 | -9/Exiles | Discovered new exit (range 10) 804 | -9/Exiles | Identified exit to Mines 805 | -9/Exiles | Left Exiles lab with AWS/Gauss 805 | -9/Exiles | Entered Mines 807 | -8/Mines | Reached level 5 814 | -8/Mines | Discovered new exit (range 8) 860 | -8/Mines | Identified exit to Materials 902 | -8/Mines | Discovered exit to Materials (range 15) 950 | -8/Mines | Reached level 6 1009 | -8/Mines | Destroyed 10 combat bots 1050 | -8/Mines | Entered Materials 1052 | -8/Materials | Reached level 7 1108 | -8/Materials | Build established: Scout 1169 | -8/Materials | Upgraded with Utility slot (x1) 1220 | -8/Materials | Reached level 8 1298 | -8/Materials | Discovered new exit (range 17) 1410 | -8/Materials | Core integrity fell below 50% 1418 | -8/Materials | Build established: Hacker-Scout 1527 | -8/Materials | Garrison activated, responded to threat 1551 | -8/Materials | Reached level 9 1628 | -8/Materials | Identified exit to Garrison 1629 | -8/Materials | Entered Garrison 1696 | -8/Garrison | Reached level 10 1820 | -8/Garrison | Triggered checkpoint 1843 | -8/Garrison | Discovered new exit (range 9) 1921 | -8/Garrison | Spotted B-75 Beast 2020 | -8/Garrison | Discovered new exit (range 18) 2036 | -8/Garrison | Identified exit to Factory 2038 | -8/Garrison | Installed Relay Interface Framework 2053 | -8/Garrison | Garrison Relay disabled 2053 | -8/Garrison | Reached level 11 2070 | -8/Garrison | Entered Factory 2072 | -7/Factory | Reached level 12 2249 | -7/Factory | Fabricated Recalibrator? 2255 | -7/Factory | Upgraded with Utility slot (x1) 2255 | -7/Factory | Upgraded with Weapon slot (x2) 2308 | -7/Factory | Fabricated Structural Scanner? 2319 | -7/Factory | Upgraded with Power slot (x1) 2362 | -7/Factory | Identified exit to Garrison 2362 | -7/Factory | Entered Garrison 2364 | -7/Garrison | Reached level 13 2640 | -7/Garrison | Destroyed 8 combat bots 2648 | -7/Garrison | Discovered new exit (range 13) 2736 | -7/Garrison | Identified exit to Factory 2759 | -7/Garrison | Triggered checkpoint 2768 | -7/Garrison | Reached level 14 2805 | -7/Garrison | Destroyed 7 combat bots 2916 | -7/Garrison | Discovered exit to Factory (range 18) 3014 | -7/Garrison | Core integrity fell below 50% 3123 | -7/Garrison | Expanded RIF knowledge: Coupler Efficiency 3238 | -7/Garrison | Upgraded with Utility slot (x2) 3241 | -7/Garrison | Entered Factory 3250 | -7/Factory | Discovered new exit (range 20) 3295 | -7/Factory | Identified exit to Lower Caves 3367 | -7/Factory | Identified exit to Garrison 3367 | -7/Factory | Entered Garrison 3418 | -7/Garrison | Triggered checkpoint 3615 | -7/Garrison | Core integrity fell below 20% 3615 | -7/Garrison | Reached level 15 3809 | -7/Garrison | Discovered new exit (range 19) 3850 | -7/Garrison | Identified exit to Factory 3852 | -7/Garrison | Expanded RIF knowledge: Robot Detection 3862 | -7/Garrison | Triggered checkpoint 3985 | -7/Garrison | Entered Factory 3986 | -6/Factory | Core integrity fell below 50% 3987 | -6/Factory | Reached level 16 4104 | -6/Factory | Identified exit to Lower Caves 4115 | -6/Factory | Discovered new exit (range 14) 4235 | -6/Factory | Garrison activated, responded to threat 4329 | -6/Factory | Reached level 17 4341 | -6/Factory | Upgraded with Utility slot (x1) 4761 | -6/Factory | Discovered new exit (range 21) 4797 | -6/Factory | Reached level 18 4880 | -6/Factory | Build established: Hacker-Ninja 4895 | -6/Factory | Entered Lower Caves 5040 | -6/Lower Caves | Attracted the attention of an 0b10 checkpoint 5147 | -6/Lower Caves | Acquired the password to a Derelict Tinkerer's latest research 5149 | -6/Lower Caves | Found Prototype Special Weapon 5149 | -6/Lower Caves | Identified Molecular Deconstructor 5278 | -6/Lower Caves | Attracted the attention of an 0b10 outpost 5311 | -6/Lower Caves | Discovered new exit (range 19) 5317 | -6/Lower Caves | Identified exit to Lower Caves 5353 | -6/Lower Caves | Entered another Lower Caves area 5367 | -6/Lower Caves | Discovered new exit (range 18) 5394 | -6/Lower Caves | Identified exit to Factory 5457 | -6/Lower Caves | Build established: Hacker-Scout 5559 | -6/Lower Caves | Learned Factory trap positions 5608 | -6/Lower Caves | Learned Factory stockpile data 5807 | -6/Lower Caves | Discovered new exit (range 20) 5841 | -6/Lower Caves | Identified exit to Data Miner 5843 | -6/Lower Caves | Entered Data Miner 5843 | -6/Data Miner | Discovered new exit (range 6) 5848 | -6/Data Miner | Met Data Miner 5848 | -6/Data Miner | Reached level 19 5861 | -6/Data Miner | Learned location of Section 7 (-2) 5861 | -6/Data Miner | Acquired the access code to Warlord's prototype stash 5867 | -6/Data Miner | Received God Mode back door access code from Data Miner 5878 | -6/Data Miner | Interfaced with the Data Conduit 5938 | -6/Data Miner | Core integrity fell below 20% 6031 | -6/Data Miner | Identified exit to Proximity Caves 6034 | -6/Data Miner | Entered Proximity Caves 6036 | -5/Proximity Caves | Reached level 20 6199 | -5/Proximity Caves | Entered Factory 6200 | -5/Factory | Loaded intel: 95 trap records 6202 | -5/Factory | Loaded intel: 229 machine locations 6399 | -5/Factory | Discovered new exit (range 18) 6419 | -5/Factory | Identified exit to Upper Caves 6471 | -5/Factory | Reached level 21 6543 | -5/Factory | Upgraded with Propulsion slot (x2) 6692 | -5/Factory | Identified exit to Extension 6713 | -5/Factory | Intercept squad dispatched 6726 | -5/Factory | Spotted Tracker 6730 | -5/Factory | Destroyed Tracker 6787 | -5/Factory | Spotted Combat Programmer 6816 | -5/Factory | Core integrity fell below 50% 6824 | -5/Factory | Destroyed Combat Programmer 6845 | -5/Factory | Destroyed 7 combat bots 6993 | -5/Factory | Fabricated Exp. Terrain Scanner (x1) 7147 | -5/Factory | Fabricated Exp. Signal Interpreter (x1) 7256 | -5/Factory | Entered Extension 7257 | -5/Extension | Loaded intel: 36 machine locations 7257 | -5/Extension | Reached level 22 7261 | -5/Extension | Disrupted transfer network 7271 | -5/Extension | Rescued a captive Derelict 7272 | -5/Extension | Rescued a captive Derelict 7367 | -5/Extension | Rescued a captive Derelict 7449 | -5/Extension | Spotted B-75 Beast 7463 | -5/Extension | Discovered new exit (range 25) 7551 | -5/Extension | Destroyed B-75 Beast 7555 | -5/Extension | Spotted B-75 Beast 7576 | -5/Extension | Destroyed B-75 Beast 7617 | -5/Extension | Rescued A7 7652 | -5/Extension | Discovered new exit (range 26) 7658 | -5/Extension | Discovered new exit (range 21) 7663 | -5/Extension | Identified exit to Cetus 7735 | -5/Extension | Rescued a captive Derelict 7816 | -5/Extension | Rescued a captive Derelict 7855 | -5/Extension | Reached level 23 7887 | -5/Extension | Rescued a captive Derelict 7887 | -5/Extension | Rescued a captive Derelict 7901 | -5/Extension | Rescued a captive Derelict 7901 | -5/Extension | Rescued a captive Derelict 7903 | -5/Extension | Rescued a captive Derelict 7941 | -5/Extension | Identified exit to Factory 8134 | -5/Extension | Entered Cetus 8134 | -5/Cetus | Accompanied by 12 allies 8135 | -5/Cetus | Loaded intel: 24 machine locations 8139 | -5/Cetus | Acquired a Cetus Manufacturing Module code from A7 8139 | -5/Cetus | Spotted Cetus Guard 8139 | -5/Cetus | Spotted Cetus Guard 8142 | -5/Cetus | Spotted Cetus Guard 8143 | -5/Cetus | Spotted Cetus Guard 8153 | -5/Cetus | Allies destroyed Cetus Guard 8155 | -5/Cetus | Allies destroyed Cetus Guard 8205 | -5/Cetus | Discovered new exit (range 29) 8205 | -5/Cetus | Started Cetus Manufacturing Module 8206 | -5/Cetus | Build established: Commander-Scout 8209 | -5/Cetus | Escorted A7 to Cetus Mainframe 8230 | -5/Cetus | Manufactured an Enhanced Grunt 8255 | -5/Cetus | Manufactured an Enhanced Grunt 8280 | -5/Cetus | Manufactured an Enhanced Grunt 8305 | -5/Cetus | Manufactured an Enhanced Grunt 8330 | -5/Cetus | Manufactured an Enhanced Grunt 8497 | -5/Cetus | Found a strange terminal 8522 | -5/Cetus | Discovered exit to Factory (range 30) 8532 | -5/Cetus | Spotted Cetus Guard 8532 | -5/Cetus | Spotted Cetus Guard 8532 | -5/Cetus | Spotted Cetus Guard 8533 | -5/Cetus | Spotted Cetus Guard 8547 | -5/Cetus | Destroyed Cetus Guard 8551 | -5/Cetus | Allies destroyed Cetus Guard 8551 | -5/Cetus | Allies destroyed Cetus Guard 8558 | -5/Cetus | Reached level 24 8558 | -5/Cetus | Allies destroyed Cetus Guard 8561 | -5/Cetus | Met Revision 17 8593 | -5/Cetus | Upgraded with Weapon slot (x1) 8596 | -5/Cetus | Identified exit to Archives 8636 | -5/Cetus | Entered Archives 8636 | -5/Archives | Accompanied by 10 allies 8637 | -5/Archives | Loaded intel: 8 machine locations 8639 | -5/Archives | Discovered new exit (range 24) 8640 | -5/Archives | Met Zhirov 8641 | -5/Archives | Discovered new exit (range 22) 8643 | -5/Archives | Read partially decrypted archive contents 8645 | -5/Archives | Received a hacking code to weaken MAIN.C 8646 | -5/Archives | Reinforcements dispatched to Archives 8653 | -5/Archives | Unable to access archive contents 8660 | -5/Archives | Discovered exit to Factory (range 24) 8691 | -5/Archives | Reinforcements dispatched to Archives 8695 | -5/Archives | Identified exit to Hub_04(d) 8700 | -5/Archives | Entered Hub_04(d) 8701 | -5/Hub_04(d) | Loaded intel: 98 machine locations 8723 | -5/Hub_04(d) | Discovered exit to Factory (range 15) 8742 | -5/Hub_04(d) | Discovered exit to Factory (range 23) 8771 | -5/Hub_04(d) | Discovered exit to Factory (range 23) 8774 | -5/Hub_04(d) | Garrison activated, responded to threat 8801 | -5/Hub_04(d) | Network Hub disabled 8802 | -5/Hub_04(d) | System corruption reached 10% 8837 | -5/Hub_04(d) | Spotted Lightning 8839 | -5/Hub_04(d) | Spotted Lightning 8839 | -5/Hub_04(d) | Spotted Lightning 8939 | -5/Hub_04(d) | Build established: Hacker-Scout 8943 | -5/Hub_04(d) | Destroyed Lightning 8950 | -5/Hub_04(d) | Destroyed Lightning 8950 | -5/Hub_04(d) | Core integrity fell below 20% 8985 | -5/Hub_04(d) | Destroyed Lightning 8988 | -5/Hub_04(d) | Found Prototype Device 8988 | -5/Hub_04(d) | Identified EM Dispersion Field 8992 | -5/Hub_04(d) | Found Prototype Energy Cannon 8994 | -5/Hub_04(d) | Identified EMDS 9000 | -5/Hub_04(d) | First assault squad dispatched 9038 | -5/Hub_04(d) | Discovered exit to Factory (range 28) 9097 | -5/Hub_04(d) | Entered Factory 9098 | -4/Factory | Loaded intel: 290 machine locations 9099 | -4/Factory | Reached level 25 9099 | -4/Factory | Upgraded with Utility slot (x1) 9292 | -4/Factory | Build established: Hacker-Assassin 9352 | -4/Factory | Identified exit to Upper Caves 9352 | -4/Factory | Identified exit to Armory 9356 | -4/Factory | Discovered new exit (range 20) 9461 | -4/Factory | Fabricated I-47 Archangel (x1) 9529 | -4/Factory | Identified exit to Research 9613 | -4/Factory | Spotted B-86 Titan 9633 | -4/Factory | Intercept squad dispatched 9645 | -4/Factory | Discovered exit to Research (range 20) 9652 | -4/Factory | Spotted Tracker 9657 | -4/Factory | Destroyed Tracker 9734 | -4/Factory | Spotted Combat Programmer 9749 | -4/Factory | Destroyed Combat Programmer 9752 | -4/Factory | Crushed by falling debris 9753 | -4/Factory | Core integrity fell below 50% 9823 | -4/Factory | Reached level 26 9847 | -4/Factory | First assault squad dispatched 9848 | -4/Factory | Entered Armory 9849 | -4/Armory | Loaded intel: 62 machine locations 10091 | -4/Armory | Build established: Hacker-Scout 10158 | -4/Armory | Discovered exit to Research (range 27) 10200 | -4/Armory | P-70 Sage assimilated allied Archangel 7c 10214 | -4/Armory | Discovered new exit (range 24) 10255 | -4/Armory | Destroyed 10 combat bots 10313 | -4/Armory | Intercept squad dispatched 10315 | -4/Armory | Destroyed 8 combat bots 10321 | -4/Armory | Spotted Tracker 10328 | -4/Armory | Spotted Combat Programmer 10334 | -4/Armory | Destroyed Tracker 10348 | -4/Armory | First assault squad dispatched 10350 | -4/Armory | Reached level 27 10350 | -4/Armory | Destroyed Combat Programmer 10361 | -4/Armory | Found Prototype Energy Gun 10408 | -4/Armory | Destroyed 8 combat bots 10419 | -4/Armory | Identified Immobilizer 10444 | -4/Armory | Identified exit to Lab 10470 | -4/Armory | Upgraded with Power slot (x1) 10485 | -4/Armory | Spotted B-86 Titan 10521 | -4/Armory | Entered Lab 10521 | -4/Lab | Discovered exit to Research (range 9) 10526 | -4/Lab | Hidden lab's door opened automatically 10526 | -4/Lab | Sensor layout match revealed 10527 | -4/Lab | Gained access to the hidden lab's interior 10527 | -4/Lab | Decrypted terminal 10529 | -4/Lab | Decrypted terminal 10531 | -4/Lab | Detected by scanners 10544 | -4/Lab | Confronted by A5 10589 | -4/Lab | Destroyed A5 10592 | -4/Lab | Found Prototype Special Weapon 10602 | -4/Lab | Decrypted terminal 10602 | -4/Lab | Acquired modification code for an L2 power cell 10606 | -4/Lab | Identified Gui. Remote Datajack 10613 | -4/Lab | Found Prototype Energy Gun 10613 | -4/Lab | Identified Tachyon Dispersion Ray 10616 | -4/Lab | Found Prototype Energy Cannon 10616 | -4/Lab | Identified Warp Cannon 10621 | -4/Lab | Found Prototype Protection 10621 | -4/Lab | Identified Hvy. Regenerative Plating 10629 | -4/Lab | Found Prototype Hackware 10660 | -4/Lab | Identified Deep Network Scanner 10681 | -4/Lab | Decrypted terminal 10690 | -4/Lab | Decrypted terminal 10711 | -4/Lab | Found Alien Artifact 10714 | -4/Lab | Identified Transdimensional Reconstructor 10714 | -4/Lab | Warped through subspace 10728 | -4/Lab | Found Alien Artifact 10728 | -4/Lab | Identified Integrated Reactor 10728 | -4/Lab | Installed Integrated Reactor, increased core energy generation (+2%) 10737 | -4/Lab | Found Alien Artifact 10737 | -4/Lab | Identified Core Regenerator 10737 | -4/Lab | Used Core Regenerator, restored core integrity (+275) 10744 | -4/Lab | Found Alien Artifact 10755 | -4/Lab | Decrypted terminal 10757 | -4/Lab | Decrypted terminal 10767 | -4/Lab | Reached level 28 10767 | -4/Lab | Decrypted terminal 10788 | -4/Lab | Entered Research 10789 | -3/Research | Loaded intel: 112 machine locations 10840 | -3/Research | Upgraded with Propulsion slot (x1) 10950 | -3/Research | Build established: Wizard-Scout 10975 | -3/Research | Garrison activated, responded to threat 10988 | -3/Research | Revision forces began assault on 0b10 11009 | -3/Research | Reached level 29 11040 | -3/Research | Destroyed 7 combat bots 11050 | -3/Research | Identified exit to Testing 11056 | -3/Research | Identified Core Reset Matrix 11067 | -3/Research | Intercept squad dispatched 11092 | -3/Research | Found Tactical Quantum Warhead 11125 | -3/Research | Entered Testing 11126 | -3/Testing | Maximum security lockdown engaged 11126 | -3/Testing | Loaded intel: 47 machine locations 11156 | -3/Testing | Spotted Alpha 7 11188 | -3/Testing | Destroyed Alpha 7 11198 | -3/Testing | Found Prototype Ballistic Gun 11198 | -3/Testing | Identified Multirail 11204 | -3/Testing | Found Exp. Target Analyzer 11215 | -3/Testing | Spotted PP-Y9ZPESK546 11258 | -3/Testing | Destroyed PP-Y9ZPESK546 11261 | -3/Testing | Found Zero-point Reactor 11334 | -3/Testing | Reached level 30 11387 | -3/Testing | Spotted Executioner 11408 | -3/Testing | Used Core Reset Matrix 11416 | -3/Testing | Destroyed 38 combat bots 11424 | -3/Testing | Found Prototype Energy Cannon 11424 | -3/Testing | Identified Hpw. Disruptor Cannon 11447 | -3/Testing | Discovered new exit (range 9) 11451 | -3/Testing | Identified exit to Research 11452 | -3/Testing | Entered Research 11454 | -2/Research | Reached level 31 11456 | -2/Research | Found Unknown Device 11456 | -2/Research | Identified Quantum Capacitor 11632 | -2/Research | Destroyed B-90 Cyclops 11669 | -2/Research | Found Unknown Device 11669 | -2/Research | Identified Antimissile System 11681 | -2/Research | Spotted B-90 Cyclops 11695 | -2/Research | Intercept squad dispatched 11706 | -2/Research | High security lockdown imminent 11709 | -2/Research | Spotted Tracker 11710 | -2/Research | Destroyed Tracker 11711 | -2/Research | Spotted Tracker 11715 | -2/Research | Destroyed Tracker 11767 | -2/Research | Spotted Combat Programmer 11769 | -2/Research | Spotted Combat Programmer 11782 | -2/Research | Destroyed Combat Programmer 11786 | -2/Research | High security lockdown engaged 11791 | -2/Research | Destroyed Combat Programmer 11899 | -2/Research | Upgraded with Utility slot (x1) 11927 | -2/Research | Intercept squad dispatched 11933 | -2/Research | Core integrity fell below 50% 11941 | -2/Research | Spotted Tracker 11941 | -2/Research | Spotted Tracker 11942 | -2/Research | Spotted Tracker 11944 | -2/Research | Destroyed Tracker 11945 | -2/Research | Destroyed Tracker 11951 | -2/Research | Emitted hypermatrix ping 11951 | -2/Research | Destroyed Tracker 11956 | -2/Research | Assembled emerged from beneath the floor 11962 | -2/Research | Reached level 32 11986 | -2/Research | Destroyed 7 combat bots 11990 | -2/Research | Spotted Striker 11992 | -2/Research | Spotted Striker 11994 | -2/Research | Destroyed Striker 11995 | -2/Research | Spotted Combat Programmer 11996 | -2/Research | Destroyed Striker 12002 | -2/Research | Spotted Combat Programmer 12014 | -2/Research | Destroyed Combat Programmer 12024 | -2/Research | Core integrity fell below 20% 12031 | -2/Research | Spotted Combat Programmer 12040 | -2/Research | Destroyed Combat Programmer 12046 | -2/Research | Spotted Striker 12046 | -2/Research | Spotted Executioner 12061 | -2/Research | Destroyed 13 combat bots 12069 | -2/Research | Spotted Investigator 12069 | -2/Research | Scanned by Researcher 12085 | -2/Research | Destroyed by Y-72 Warden with Railgun Last Messages --------------- I-47 Archangel stasis bubble strength at 80. Investigator stasis bubble strength at 123. Slug penetrates L-61 Swordsman. Slug penetrates G-73 Enforcer. Stasis bubble strength at 60. I-47 Archangel stasis bubble strength at 70. Penetrated by EMDS Slug. W-44 Eye stasis bubble strength at 86. Investigator stasis bubble strength at 112. Stasis bubble strength at 35. I-47 Archangel stasis bubble strength at 60. W-44 Eye stasis bubble strength at 67. Investigator stasis bubble strength at 101. Stasis bubble strength at 10. I-47 Archangel stasis bubble strength at 50. Penetrated by EMDS Slug. G-73 Enforcer stasis bubble strength at 62. Investigator stasis bubble strength at 90. [Achievement: 40k Club] [Achievement: 50k Club] Map ----- +----------------------------------------------------+ | ?????????????????????????????????????????????????? | | ?????????????????????????????????????????????????? | | ?????????????????????????????????????????????????? | | ?????????????????????????????????????????????????? | | ?????????????????????????????????????????????????? | | ?????????????????????????????????????????????????? | | ?????????????????????????????????????????????????? | | ?????????????????????????????????????????????????? | | ?????????????????????????????????????????????????? | | ?????????????????????????????????????????????????? | | ?????????????????????????????????????????????????? | | ?????????????????????????????????????????????????? | | ?????????????????????????????????????????????????? | | ?????????????????????????????????????????????????? | | ?????????????????????????????????????????????????? | | ?????????????????????????????????????????########? | | ?????????????????????????+##?????????????# #? | | ????????????????????????? ?????????????# =!!#? | | ????????????????????????? ?????????????# =! #? | | ????????????????????????? ?????????????# =! #? | | ????????????????????w?b?? ?????????????# #? | | ??????????????????????####+#########?????# #? | | ??????????????????????# l i ########"#+#### | | ????????????? ???????# g !g % + | | ????????????? #%lK%""""" ########## #### | | ??????????? g#cg@ """" #????????# #??? | | ??????????? lg/g% """ #????????# #??? | | ??????????? % big #% pp #????????# #??? | | ???????????###+### #= Y g=== ########## #??? | | ?????????????????# # w ""="" ; / #??? | | ??????Y??????????# # "F="" # # #??? | | ?????????????????# # """"" # E i # #### | | ?????????????????# # # """ # | | ?????????????????# # ] # """ + | | ?????????????????# ### ##########= """ # | | ?????????????????# #?##?????????# ###### | | ?????????????????# #????????????# ## !!! | | ?????????????????# #????????????# ## !!! | | ?????????????????# #????????????########### !! | | ?????????????????# #??#######?????????????# | | ?????????????????# #??""" #?????????????# ! | | ?????????????????# #? """ #?????????????##### | | ?????????????????# #? """ #???????????????# | | ?????????????????# # #???????????##### | | ?????????????????# # ########????? %+ | | ?????????????????# + [ # #????????# | | ?????????????????# # # #????????# | | ?????????????????# # # #????????# | | ?????????????????# #? # #????????### | | ?????????????######+############ #??????????? | +----------------------------------------------------+ Best States ------------- Heat Dissipation 127 Energy Generation 118 Energy Capacity 620 Matter Stores 350 Matter Capacity 350 Sight Range 22 Robot Scan Range 50 Terrain Scan Range 30 Terrain Scan Density 510 Jamming Range 12 Power Amplification 20 Resistance: KI 5 Resistance: TH 5 Resistance: EX 20 Resistance: EM 75 Evasion (%) 75 Target Analysis 12 Core Analysis 6 Particle Charging 25 Offensive Hacking 45 Defensive Hacking 20 Item Schematics ----------------- None Robot Schematics ------------------ None Fabricated ------------ Recalibrator | x2 | -7/Factory Structural Scanner | x2 | -7/Factory Exp. Terrain Scanner | x1 | -5/Factory Exp. Signal Interpreter | x1 | -5/Factory I-47 Archangel | x1 | -4/Factory Alien Tech Used ----------------- Transdimensional Reconstructor Integrated Reactor Core Regenerator Core Reset Matrix Achievements -------------- 40k Club 50k Club Boltbath Decrypted! Gun Specialist Hehehe Killing Spree My Command Is Your Wish Origins Shocking Conclusion Challenges ------------ None RPGLIKE | -11 -10 -10 -9 -9 -9 -8 -8 -8 -7 -7 -7 -7 -6 -6 -6 -6 -5 -5 -5 -5 -5 -5 -4 -4 -4 -3 -3 -2 --------- Run | Scr Mat Min Mat Min Exi Min Mat Gar Fac Gar Fac Gar Fac Low Low Dat Pro Fac Ext Cet Arc Hub Fac Arm Lab Res Tes Res Levels Raised 31 | . 1 . 2 . . 2 3 2 1 2 . 1 3 . . 1 1 1 2 1 . . 2 1 1 1 1 2 XP Earned 50300 | 3000 1565 1075 2020 890 350 2717 4088 2333 2453 2958 245 552 4258 606 580 829 1104 2843 1545 1581 495 513 1975 1652 1507 1452 1904 3210 XP Spent 48995 | 2350 600 . . . 4175 . 4770 2300 3500 3960 . 450 5630 . . 1700 900 2460 . 2500 . 840 2300 2150 975 1400 . 6035 Upgrades 111 | 6 2 . . . 15 . 15 5 4 5 . 3 14 . . 4 1 4 . 2 . 7 1 3 3 1 . 16 Power Slot 2 | . . . . . . . . . 1 . . . . . . . . . . . . . . 1 . . . . Propulsion Slot 4 | 1 . . . . . . . . . . . . . . . . . 2 . . . . . . . 1 . . Utility Slot 8 | 1 . . . . . . 1 . 1 2 . . 1 . . . . . . . . . 1 . . . . 1 Weapon Slot 4 | 1 . . . . . . . . 2 . . . . . . . . . . 1 . . . . . . . . Core Integrity 20 | . . . . . . . . . . 2 . . 2 . . . . . . . . 6 . . . . . 10 Heat Dissipation 17 | . . . . . . . 4 . . . . 3 4 . . . . 2 . . . . . . . . . 4 Energy Generation 3 | . . . . . . . . 1 . . . . . . . . . . . . . . . 2 . . . . Matter Storage 1 | . . . . . . . . . . . . . . . . 1 . . . . . . . . . . . . Mass Support 7 | 1 . . . . 1 . . 2 . . . . 1 . . 2 . . . . . . . . . . . . Inventory Capacity 5 | 2 . . . . 2 . . . . . . . 1 . . . . . . . . . . . . . . . Sensor Range 14 | . . . . . 10 . . . . . . . . . . . . . . . . . . . 3 . . 1 Terrain Scan Density 5 | . . . . . . . 5 . . . . . . . . . . . . . . . . . . . . . Ranged Accuracy 6 | . . . . . 1 . 1 2 . 1 . . . . . . 1 . . . . . . . . . . . Hack Attack % 4 | . 2 . . . . . 2 . . . . . . . . . . . . . . . . . . . . . Hack Defense % 4 | . . . . . 1 . 2 . . . . . . . . . . . . 1 . . . . . . . . KI Resistance % 1 | . . . . . . . . . . . . . 1 . . . . . . . . . . . . . . . TH Resistance % 1 | . . . . . . . . . . . . . 1 . . . . . . . . . . . . . . . EX Resistance % 4 | . . . . . . . . . . . . . 3 . . . . . . . . 1 . . . . . . TH Damage % 1 | . . . . . . . . . . . . . . . . 1 . . . . . . . . . . . . Protomatter Created 7896 | . 186 43 . . . 341 478 75 76 506 . 101 632 207 83 280 . 497 351 137 . 464 358 1259 . 141 896 785 Integrity Restored 10200 | . 275 123 . . . 282 877 127 106 283 . 159 1206 83 187 558 . 545 1293 570 32 1074 582 1330 . 268 144 96 Core 8390 | . 275 76 . . . 219 761 118 106 181 . 159 978 83 187 558 . 329 1293 203 . 1074 582 884 . 84 144 96 Parts 1810 | . . 47 . . . 63 116 9 . 102 . . 228 . . . . 216 . 367 32 . . 446 . 184 . . Protomatter Decayed 5368 | . 94 . . 19 . 203 127 31 . 409 . 48 296 120 20 94 . 312 120 396 212 106 79 806 . 609 684 583 Game ------ Seed HugeSwarmRedirector Manual? 0 Play Time 03:47:31 Cumulative 79.3 hours Start 2019.12.17 @ 07:50:35 End 2019.12.17 @ 12:39:32 Sessions 9 Manual Loads 0 Difficulty Rogue Special Mode Winter2019/RPGLIKE Game No. 187 Rogue 187 Adventurer 0 Explorer 0 Win Type - Total 1 Types 1/0/0/0/0/0/0 Lore% 73 Gallery% 65 Achievement% 56 Wizard Run 0 Options --------- ASCII 0 Keyboard 0 Movement Numpad Keybinds 0 Fullscreen 1 Font 24/Smallcaps Map View 76x50 Tactical HUD 0 Map Filters NONE Filters NONE Steam 1 RUN: 091b80a5-d3bf-461e-966f-14125ec549c8